Wooble, lawful female dwarven Archeologist ----------------------- ------------------------ |...%................... ........................| |..@.................... ... ........................| |...@................... .@a ..................C.....| |............(.........% .s. ........................| |..............?......:. n aa...M..................| |............!......r....hM...............)...............................| | .....<...................... | .'......:.....S......M.....a r ............................ .......a................................................................. |.....n.........?....... .........%..............| |....................... ........................| |.)................B..Y. ..............!...w.....| |....................... ..........B.............| |....................... ............../.........| |..............!......h. ..a...[.................| ----------------------- ------------------------ Wooble the Digger Experience level: 1 Strength: 14 Dexterity: 7 Constitution: 13 Intelligence: 16 Wisdom: 16 Charisma: 9 Health: 0(15) Energy: 1(1) Def: 1 Gold: 0 Moves: 66 Dungeon seed: 6aqy2z2bJAr7jB4Z Game ID: Wooble_1434636202 Your Inventory: Weapons a - a +2 bullwhip (alternate weapon; not wielded) h - a +0 boomerang (in quiver) Armor e - an uncursed +0 leather jacket (being worn) n - an uncursed +0 fedora (being worn) Comestibles b - 3 uncursed food rations Tools c - a +0 pick-axe (weapon in hand) d - a tinning kit (0:65) f - an uncursed sack g - an uncursed tin opener Gems q - an uncursed touchstone Spells known in the end: Name Level Category Fail Memory Your skills at the end: Fighting Skills Weapon Skills pick-axe [Basic] boomerang [Basic] whip [Basic] Spellcasting Skills Final Attributes: You were fervently aligned. You had infravision. You were stealthy. You were fast. You are dead. Voluntary challenges: You went without food. You were an atheist. You never hit with a wielded weapon. You were a pacifist. You were illiterate. You never genocided any monsters. You never polymorphed an object. You never changed form. You used no wishes. You never split a pudding. You never wrote Elbereth's name. You never violated your personal moral code. Dungeon overview: The Dungeons of Doom: levels 1 to 15 Level 1 a long staircase Level 2 Level 3 Level 4 Level 5 Level 6 Level 7 Level 8 an armor shop Level 9 Level 10 a fountain Level 11 Level 12 Level 13 Level 14 a fountain Level 15 <- You were here History has recorded: On T:1 you entered the Dungeons of Doom to retrieve the Amulet of Yendor! On T:5 you reached level 2 of The Dungeons of Doom. On T:7 you reached level 3 of The Dungeons of Doom. On T:11 you reached level 4 of The Dungeons of Doom. On T:14 you reached level 5 of The Dungeons of Doom. On T:17 you reached level 6 of The Dungeons of Doom. On T:20 you reached level 7 of The Dungeons of Doom. On T:24 you reached level 8 of The Dungeons of Doom. On T:47 you reached level 9 of The Dungeons of Doom. On T:50 you reached level 10 of The Dungeons of Doom. On T:53 you reached level 11 of The Dungeons of Doom. On T:56 you reached level 12 of The Dungeons of Doom. On T:59 you reached level 13 of The Dungeons of Doom. On T:62 you reached level 14 of The Dungeons of Doom. On T:66 you reached level 15 of The Dungeons of Doom. Score breakdown: Gold: 0 ( 0 points) Experience: 1 level ( 0 points) Exploration: 15 levels ( 30.61%) (16201 points) Discoveries: 0 items ( 0.00%) ( 0 points) Valuables value: (no points given unless you survive) Artifact value: 0 ( 0 points) Variety of kills: 0 monsters ( 0.00%) ( 0 points) Time penalty: 66 turns ( 0 points) Survival: died (score multiplied by 80%) Total score: 12960 Latest messages: You continue digging downward. You dig a hole through the floor. You fall through... The giant ant bites! You die... The sack is empty. Final status: Goodbye Wooble the Archeologist, killed by a giant ant... You died in The Dungeons of Doom on dungeon level 15 with 12960 points, and 0 pieces of gold, after 66 moves. You were level 1 with a maximum of 15 hit points when you died.